 Dungeon Crawl Stone Soup version 0.32-a0-519-g08f29ac1c3 (webtiles) character file.

Game seed: 6561904594597892321

3574 WhiteNoise the Thaumaturge (level 9, -13/71 HPs)
             Began as a Mummy Earth Elementalist on Feb 27, 2024.
             Was a Believer of Kikubaaqudgha.
             Killed from afar by a steam dragon (25 damage)
             ... with a ball of steam
             ... on level 7 of the Dungeon.
             The game lasted 00:11:31 (8956 turns).

WhiteNoise the Thaumaturge (MuEE)                   Turns: 8956, Time: 00:11:31

Health: -13/71     AC:  3    Str: 11    XL:     9   Next: 84%
Magic:  21/30      EV: 12    Int: 18    God:    Kikubaaqudgha [**....]
Gold:   960        SH:  0    Dex: 16    Spells: 19/25 levels left

rFire   x . .        m - +0 hand axe of Blood-Lust {pain, rC+ Will+ Dex+3}
rCold   + + .        (no shield)
rNeg    + + +        a - +0 robe
rPois   ∞            r - +0 helmet
rElec   .            (no cloak)
rCorr   .            (no gloves)
SInv    .            (no boots)
Will    ++...        e - amulet of magic regeneration
Stlth   +++          d - ring of magical power
HPRegen 0.31/turn    (no ring)
MPRegen 0.62/turn

%: faith
@: no status effects
A: cold resistance 1, negative energy resistance 3, torment resistance 2, heat
vulnerability 1, in touch with death 1, no potions, faith
a: Renounce Religion, Unearth Wretches


You were on level 7 of the Dungeon.
You worshipped Kikubaaqudgha.
Kikubaaqudgha was pleased with you.
You visited 2 branches of the dungeon, and saw 8 of its levels.
You also visited: Bailey.

You collected 960 gold pieces.

Inventory:

Hand Weapons
 j - a +2 rapier of protection
 m - the +0 hand axe of Blood-Lust (weapon) {pain, rC+ Will+ Dex+3}
   (You found it on level 3 of the Dungeon)

   Dex+3:     It affects your dexterity (+3).
   rC+:       It protects you from cold.
   Will+:     It increases your willpower.
Missiles
 k - a throwing net
Armour
 a - a +0 robe (worn)
 g - the +0 buckler of Anarchy {rElec Stlth+}
   (You found it on level 3 of the Dungeon)

   rElec:     It insulates you from electricity.
   Stlth+:    It makes you more stealthy.
 r - a +0 helmet (worn)
Jewellery
 d - a ring of magical power (left hand)
 e - an amulet of magic regeneration (around neck)
Wands
 c - a wand of acid (1)
 i - a wand of iceblast (8)
 p - a wand of polymorph (9)
 s - a wand of mindburst (8)
Scrolls
 b - 6 scrolls of enchant armour
 f - a scroll of butterflies
 h - 2 scrolls of brand weapon
 l - a scroll of amnesia
 n - 4 scrolls of teleportation {@r3}
 o - a scroll of fog {@r2}


   Skills:
 + Level 6.5 Fighting
 - Level 1.5 Dodging
 - Level 5.0 Stealth
 + Level 8.8 Spellcasting
 - Level 3.0 Conjurations
 + Level 3.8 Translocations
 - Level 6.0 Earth Magic


You had 19 spell levels left.
You knew the following spells:

 Your Spells              Type           Power      Damage    Failure   Level
a - Stone Arrow           Conj/Erth      48%        3d10      4%          3
b - Blink                 Tloc           42%        N/A       2%          2
s - Sandblast             Erth           58%        2d13      1%          1

Your spell library contained the following spells:

 Spells                   Type           Power      Damage    Failure   Level
 Lesser Beckoning         Tloc           42%        N/A       2%          2
 Passwall                 Erth           29%        N/A       2%          3
 Momentum Strike          Conj/Tloc      40%        3d9       3%          2
 Kiss of Death            Conj/Necr      80%        2d11      4%          1
 Freeze                   Ice            28%        1d5       9%          1
 Summon Small Mammal      Summ           28%        N/A       9%          1
 Call Imp                 Summ           14%        N/A       14%         2
 Cigotuvi's Dreadful Rot  Necr/Alch/Air  22%        N/A       14%         2
 Hailstorm                Conj/Ice       13%        3d6       14%         3
 Brom's Barrelling Bould  Conj/Erth      24%        2d5       14%         4
 Iskenderun's Mystic Bla  Conj/Tloc      20%        2d6       22%         4
 Call Canine Familiar     Summ           7%         N/A       26%         3
 Frozen Ramparts          Ice            14%        1d3       26%         3
 Sigil of Binding         Hex            7%         N/A       26%         3
 Tukima's Dance           Hex            7%         N/A       26%         3
 Vampiric Draining        Necr           11%        2d6       26%         3
 Petrify                  Alch/Erth      18%        N/A       26%         4
 Dimensional Bullseye     Hex/Tloc       7%         N/A       38%         4
 Animate Dead             Necr           11%        N/A       65%         4
 Summon Blazeheart Golem  Fire/Summ      7%         N/A       65%         4
 Summon Hydra             Summ           3%         N/A       100%        7
 Sublimation of Blood     Necr           Unusable   N/A       N/A         2

Dungeon Overview and Level Annotations

Branches:
Dungeon (7/15)             Temple (1/1) D:4          Bailey (visited)

Altars:
Ashenzari
Cheibriados
Dithmenos
Fedhas
Gozag
Hepliaklqana
Kikubaaqudgha
Makhleb
Nemelex Xobeh
Okawaru
Qazlal
Sif Muna
Trog
Uskayaw
Vehumet
Wu Jian
Xom
Yredelemnul

Shops:
D:2 (


Innate Abilities, Weirdness & Mutations

You are immune to poison.
Your flesh is cold resistant. (rC+)
You are immune to negative energy. (rN+++)
You are immune to unholy pain and torment.
You are vulnerable to heat. (rF-)
You are in touch with the powers of death.
You do not drink.
You have a special connection with the divine. (Faith)


Message History

Casting: Stone Arrow (dangerous; 4% risk of failure)
Confirm with . or Enter, or press ? or * to list all spells.
Aiming: Stone Arrow (dangerous; 4% risk of failure)
Press: ? - help, Shift-Dir - straight line, f - steam dragon
Aim: a steam dragon (71% to hit)
The stone arrow hits the steam dragon!!
The steam dragon is heavily wounded.
You are engulfed in a cloud of scalding steam.
The steam dragon breathes steam at you. The ball of steam hits you!!
The steam scalds you terribly!
* * * LOW HITPOINT WARNING * * *
Casting: Stone Arrow (dangerous; 4% risk of failure)
Confirm with . or Enter, or press ? or * to list all spells.
You can't see any susceptible monsters within range! (Use Z to cast anyway.)
Casting: Stone Arrow (dangerous; 4% risk of failure)
Confirm with . or Enter, or press ? or * to list all spells.
You can't see any susceptible monsters within range! (Use Z to cast anyway.)
Casting: Stone Arrow (dangerous; 4% risk of failure)
Confirm with . or Enter, or press ? or * to list all spells.
Aiming: Stone Arrow (dangerous; 4% risk of failure)
Press: ? - help, Shift-Dir - straight line, f/p - steam dragon
Aim: a steam dragon (steam, heavily wounded, catching its breath, 71% to hit)
The stone arrow misses the steam dragon.
Casting: Stone Arrow (dangerous; 4% risk of failure)
Confirm with . or Enter, or press ? or * to list all spells.
Aiming: Stone Arrow (dangerous; 4% risk of failure)
Press: ? - help, Shift-Dir - straight line, f/p - steam dragon
Aim: a steam dragon (steam, heavily wounded, 71% to hit)
The stone arrow misses the steam dragon.
Casting: Stone Arrow (dangerous; 4% risk of failure)
Confirm with . or Enter, or press ? or * to list all spells.
Aiming: Stone Arrow (dangerous; 4% risk of failure)
Press: ? - help, Shift-Dir - straight line, f/p - steam dragon
Aim: a steam dragon (heavily wounded, 71% to hit)
The stone arrow hits the steam dragon!
The steam dragon is almost dead.
The steam dragon breathes steam at you. The ball of steam hits you!!
The steam scalds you terribly!
You die...
Kikubaaqudgha rasps: You have failed me!
Welcome... oblivion!

##.....#..........#
#.....#..........#
#.....#..........#
#.....#..........#
#.....#..........#
#.....'..........#
###'#####...##.....
##..#########+####
#.@.......
#.§.......
#.D§§.....
#.§.......
#.§§§.....
#.........
+.........
##########


You could see a steam dragon (catching breath).

Vanquished Creatures
  An orc warlord (Bailey)
  Pikel (D:4)
  A water moccasin (D:6)
  A sky beast (D:6)
  4 orc warriors (Bailey)
  3 black bears (D:6)
  An ogre (D:6)
  3 lemures
  A phantom (D:4)
  A scorpion (D:6)
  4 killer bees (D:7)
  2 bombardier beetles (D:5)
  5 hounds
  2 jellies
  2 orc priests
  A sleepcap (D:5)
  Ijyb (D:4)
  3 iguanas
  Natasha (thrice) (D:3)
  7 orc wizards
  A statue (D:3)
  A hound zombie (D:3)
  Robin (D:3)
  7 gnolls
  11 adders
  A river rat (D:3)
  A white imp (D:3)
  2 ufetubi (D:5)
  3 dart slugs
  23 orcs
  5 bats
  7 endoplasms
  5 giant cockroaches
  15 goblins
  12 hobgoblins
  6 quokkas
  5 ball pythons
  6 frilled lizards
  A jackal zombie (D:3)
  15 kobolds
  2 quokka zombies (D:3)
  7 rats
184 creatures vanquished.

Notes
Turn   | Place    | Note
-------+----------+-------------------------------------------
     0 | D:1      | WhiteNoise the Mummy Earth Elementalist began the quest for
                  | the Orb.
     0 | D:1      | Reached XP level 1. HP: 13/13 MP: 4/4
    60 | D:1      | Reached skill level 1 in Conjurations
   186 | D:1      | Reached XP level 2. HP: 19/19 MP: 3/5
   477 | D:1      | Reached skill level 3 in Spellcasting
   735 | D:2      | You fall into a shaft and drop 2 floors!
   873 | D:4      | Reached XP level 3. HP: 24/24 MP: 4/7
   879 | D:4      | Learned a level 3 spell: Stone Arrow
   925 | D:3      | Noticed Robin
   937 | D:2      | HP: 1/24 [goblin/+0 club[Robin] (2)]
  1337 | D:2      | Reached XP level 4. HP: 30/30 MP: 5/8
  1470 | D:2      | Found Kamas's Weapon Shop.
  2174 | D:3      | Reached XP level 5. HP: 35/35 MP: 10/10
  2273 | D:3      | Killed Robin
  2318 | D:3      | Identified the +0 buckler of Anarchy {rElec Stlth+}
  2329 | D:3      | Found a basalt altar of Yredelemnul.
  2517 | D:3      | Found a radiant altar of Vehumet.
  2517 | D:3      | Noticed a frost-covered statue
  2635 | D:3      | Identified the +0 hand axe of Blood-Lust {pain, rC+ Will+
                  | Dex+3}
  2849 | D:3      | Found a shimmering altar of Xom.
  2854 | D:3      | Noticed Natasha
  2856 | D:3      | Killed Natasha
  3251 | D:3      | Reached XP level 6. HP: 39/41 MP: 11/11
  3340 | D:3      | Found a hazy altar of Hepliaklqana.
  3345 | D:3      | Found a stormy altar of Qazlal.
  3352 | D:3      | Found an iron altar of Okawaru.
  3357 | D:3      | Found an ornate altar of the Wu Jian Council.
  3364 | D:3      | Found an opulent altar of Gozag.
  3436 | D:3      | Reached skill level 4 in Spellcasting
  3458 | D:3      | Noticed Natasha
  3463 | D:3      | Killed Natasha
  3525 | D:3      | Noticed Natasha
  3530 | D:3      | Killed Natasha
  3600 | D:4      | Noticed Pikel
  3790 | D:4      | Noticed Ijyb
  3796 | D:4      | Killed Ijyb
  3958 | D:4      | Killed Pikel
  3959 | D:4      | Reached skill level 5 in Earth Magic
  3959 | D:4      | Reached XP level 7. HP: 32/46 MP: 6/13
  4390 | D:4      | Found a staircase to the Ecumenical Temple.
  4694 | Temple   | Entered the Ecumenical Temple
  4709 | Temple   | Became a worshipper of Kikubaaqudgha
  4750 | D:5      | Entered Level 5 of the Dungeon
  4787 | D:5      | Found a snail-covered altar of Cheibriados.
  4948 | D:5      | Reached XP level 8. HP: 53/53 MP: 13/14
  5018 | D:5      | Reached skill level 1 in Fighting
  5784 | D:5      | Reached skill level 5 in Stealth
  6224 | D:5      | Reached skill level 5 in Spellcasting
  6660 | D:6      | Reached skill level 6 in Spellcasting
  6793 | D:6      | Reached * piety under Kikubaaqudgha
  6793 | D:6      | Received a gift from Kikubaaqudgha
  6890 | D:6      | Learned a level 2 spell: Blink
  7149 | D:6      | Reached skill level 1 in Translocations
  7149 | D:6      | Reached XP level 9. HP: 63/66 MP: 19/19
  7156 | D:6      | Reached skill level 7 in Spellcasting
  7388 | D:6      | Found a broken altar of Ashenzari.
  7717 | D:6      | Identified a scroll of acquirement
  7746 | D:7      | Found a flagged portal.
  7784 | Bailey   | Entered a bailey
  7790 | Bailey   | Noticed an orc warlord
  7803 | Bailey   | Reached skill level 5 in Fighting
  7893 | Bailey   | Reached ** piety under Kikubaaqudgha
  8064 | Bailey   | Found a runed translucent gate.
  8065 | Bailey   | Found a runed translucent gate.
  8066 | Bailey   | Found a runed translucent gate.
  8437 | Bailey   | Killed an orc warlord
  8438 | Bailey   | Reached skill level 8 in Spellcasting
  8758 | Bailey   | Acquired an amulet of magic regeneration
  8759 | Bailey   | Acquired 619 gold pieces
  8956 | D:7      | Killed from afar by a steam dragon

Illustrated notes

Levels and vault maps discovered:
D:1:      onia_arrival_handbag, layout_rooms, minmay_box_of_dots
D:2:      layout_loops_ring, serial_shops, nicolae_shop_advertising_works
          [nicolae_subvault_shop_adworks]
D:3:      wad_woods_tower, layout_rooms, nicolae_yredelemnul_corpse_copse,
          general_overflow_altar, vehumet_statue,
          grunt_temple_overflow_octagram, gup_sewer_entry_bubbles,
          minmay_pentomino_pile, uniq_natasha, uniq_robin
D:4:      layout_cave_pods, minmay_temple_entry_poolview, glass_columns_c,
          uniq_ijyb, uniq_pikel
D:5:      layout_layer_cave, mainiacjoe_overflow_24_doors, serial_rivers,
          chequers_serial_rivers_micro_b, chequers_serial_rivers_large_b,
          chequers_serial_rivers_small_3, chequers_serial_rivers_marsh,
          chequers_serial_rivers_room_b, chequers_serial_rivers_micro_a
D:6:      layout_loops_ring, kennysheep_little_box
D:7:      layout_gridville, enter_bailey_2, reono_crystal_passage
Temple:   hellmonk_temple_beads

Skill      XL: |  1  2  3  4  5  6  7  8  9 |
---------------+----------------------------+-----
Conjurations   | 1 2 3 |  3.0
Spellcasting   | 3 4 6 8 |  8.8
Stealth        | 2 4 5 |  5.0
Earth Magic    | 3 5 6 |  6.0
Fighting       | 4 6 |  6.5
Translocations | 1 3 |  3.8
Dodging        | |  1.5

Action                     |  1- 3 |  4- 6 |  7- 9 || total
---------------------------+-------+-------+-------++-------
  Melee: Whip              |       |     1 |       ||     1
   Cast: Sandblast         |    61 |   114 |    98 ||   273
         Stone Arrow       |       |    17 |    74 ||    91
         Blink             |       |       |     1 ||     1
  Evoke: Wand              |       |     2 |    13 ||    15
    Use: Scroll            |       |       |    12 ||    12
 Armour: Robe              |    20 |    44 |    86 ||   150
  Dodge: Dodged            |    24 |    50 |    81 ||   155
         Repelled          |       |     1 |     1 ||     2

Table legend: (Time is in decaauts)
 A = Elapsed time spent in this place.
 B = Non-inter-level travel time spent in this place.
 C = Inter-level travel time spent in this place.
 D = Time resting spent in this place.
 E = Time spent auto-exploring this place.
 F = Levels seen in this place.
 G = Mean time per level.
                   A        B        C        D        E       F      G
               +--------+--------+--------+--------+--------+-----+--------+
         Total |   9154 |   8857 |    297 |    751 |   6929 |   9 | 1017.1 |
       Dungeon |   8116 |   7848 |    268 |    456 |   6401 |   7 | 1159.4 |
        Temple |     30 |      1 |     29 |      0 |      0 |   1 |   30.0 |
        Bailey |   1007 |   1007 |      0 |    295 |    528 |   1 | 1007.0 |
               +--------+--------+--------+--------+--------+-----+--------+

Top non-repeatable levels by time:
     D:5: 1743 daAuts
     D:3: 1554 daAuts
     D:2: 1319 daAuts
     D:6: 1302 daAuts
     D:4: 1192 daAuts
  Bailey: 1007 daAuts
     D:1: 773 daAuts
     D:7: 231 daAuts
  Temple: 30 daAuts
